 Dungeon Crawl Stone Soup version 0.30-a0-782-ge64f9170bb (webtiles) character file.

Game seed: 15153252837114971802

114 themarg the Magician (level 4, -9/30 HPs)
             Began as a Demonspawn Hedge Wizard on Feb 18, 2023.
             Was an Initiate of Hepliaklqana.
             Mangled by a gnoll
             ... wielding a +0 halberd
              (10 damage)
             ... on level 4 of the Dungeon.
             The game lasted 00:17:41 (3464 turns).

themarg the Magician (Demonspawn Hedge Wizard)      Turns: 3464, Time: 00:17:41

Health: -9/30      AC:  2    Str: 10    XL:     4   Next: 66%
Magic:  2/8        EV: 17    Int: 18    God:    Hepliaklqana [......]
Gold:   128        SH:  0    Dex: 12    Spells: 5/9 levels left

rFire   . . .      SeeInvis .    h - +2 dagger (drain)
rCold   . . .      Faith    .    (no shield)
rNeg    . . .      Spirit   .    b - +0 robe
rPois   .          Reflect  .    c - +0 hat
rElec   .          Harm     .    (no cloak)
rCorr   .          Rampage  .    (no gloves)
Will    .....                    (no boots)
Stlth   ++                       (no amulet)
HPRegen 0.25/turn                r - +5 ring of evasion
MPRegen 0.11/turn                (no ring)

@: about to teleport, on blink cooldown, very slightly contaminated
A: powered by death 1
a: Renounce Religion


You were on level 4 of the Dungeon.
You worshipped Hepliaklqana.
Hepliaklqana was noncommittal.
You visited 1 branch of the dungeon, and saw 4 of its levels.

You collected 128 gold pieces.

Inventory:

Hand Weapons
 h - a +2 dagger of draining (weapon)
Missiles
 i - 32 stones
 k - 6 javelins
Armour
 b - a +0 robe (worn)
 c - a +0 hat (worn)
Jewellery
 r - a +5 ring of evasion (left hand)
Scrolls
 e - a scroll of immolation {unknown}
 n - a scroll of enchant armour {unknown}
 p - a scroll of amnesia {unknown}
 q - a scroll of vulnerability {unknown}
Potions
 a - a potion of heal wounds {unknown}
 d - 2 potions of magic
 f - 3 potions of flight {unknown}
 g - a potion of brilliance {unknown}
 l - a potion of curing {unknown}
 m - a potion of lignification {unknown}
 o - a potion of attraction {unknown}


   Skills:
 - Level 1.7 Dodging
 - Level 3.0 Stealth
 - Level 3.0 Spellcasting
 + Level 2.5 Conjurations
 - Level 1.0 Summonings
 - Level 2.1 Translocations
 * Level 0.9 Air Magic
 * Level 1.0 Poison Magic


You had 5 spell levels left.
You knew the following spells:

 Your Spells              Type           Power      Damage    Failure   Level
a - Magic Dart            Conj           44%        1d5       6%          1
b - Blink                 Tloc           20%        N/A       11%         2
c - Slow                  Hex            8%         N/A       16%         1

Your spell library contained the following spells:

 Spells                   Type           Power      Damage    Failure   Level
 Call Imp                 Summ           6%         N/A       16%         2
 Cigotuvi's Dreadful Rot  Necr/Pois/Air  10%        N/A       19%         2
 Mephitic Cloud           Conj/Pois/Air  8%         N/A       26%         3
 Conjure Ball Lightning   Conj/Air       4%         3x3d6     100%        6
 Discord                  Hex            1%         N/A       100%        8
 Disjunction              Tloc           5%         N/A       100%        8


Dungeon Overview and Level Annotations

Branches:
Dungeon (4/15)
 Temple: D:4-7

Altars:
Hepliaklqana

Annotations:
D:4 2 exclusions


Innate Abilities, Weirdness & Mutations

You regenerate a little health from kills.


Message History

Aim: a hound (chance to affect: 44%)
The hound seems to slow down.
The hound stops to sniff the ground.
The hound misses you. The hound attacks as you move away! The hound bites you.
The hound is no longer moving slowly.
The hound attacks as you move away! The hound misses you.
Aiming: Slow (safe; 16% risk of failure)
Press: ? - help, Shift-Dir - straight line, f/p - hound
Aim: a hound (chance to affect: 44%)
The hound resists with some effort.
The hound closely misses you. The hound barely misses you.
Aiming: Slow (safe; 16% risk of failure)
Press: ? - help, Shift-Dir - straight line, f/p - hound
Aim: a hound (chance to affect: 44%)
You miscast Slow.
You are very lightly contaminated with residual magic.
Nothing appears to happen.
The hound bites you but does no damage.
Aiming: Slow (safe; 16% risk of failure)
Press: ? - help, Shift-Dir - straight line, f/p - hound
Aim: a hound (chance to affect: 44%)
You miscast Slow.
Nothing appears to happen.
The hound closely misses you. The hound bites you.
You blink.
The gnoll closely misses you. The gnoll completely misses you.
Aiming: Slow (safe; 16% risk of failure)
Press: ? - help, Shift-Dir - straight line, f/p - hound
Aim: a hound (chance to affect: 44%)
The gnoll resists with some effort.
The gnoll hits you from afar with a +0 halberd!
Ouch! That really hurt!
* * * LOW HITPOINT WARNING * * *
The gnoll barely misses you.
As you read the scroll of teleportation, it crumbles to dust.
You feel strangely unstable.
The gnoll hits you from afar with a +0 halberd!
* * * LOW HITPOINT WARNING * * *
The gnoll closely misses you. The gnoll attacks as you move away!
The gnoll completely misses you.
The gnoll hits you from afar with a +0 halberd!
You die...

..................+
#.##..######....###
#.###.#### #....#
#........###....#
##.P............#
#.P~P~P........#
#.P~P~P........#
#.P~.~P.###....##########.#
#..~P~P.# #....@>ggh......#
#.PPPPP..!..###############
.....g....#### #..####..##
.. #..#


You could see a hound and 2 gnolls.

Vanquished Creatures
  4 adders
  3 dart slugs
  8 bats
  5 endoplasms
  2 giant cockroaches (D:1)
  8 goblins
  3 hobgoblins
  5 jackals
  4 quokkas
  5 ball pythons
  4 frilled lizards
  7 kobolds
  10 rats
68 creatures vanquished.

Vanquished Creatures (others)
  2 fungi (D:4)
2 creatures vanquished.

Grand Total: 70 creatures vanquished

Notes
Turn   | Place    | Note
-------+----------+-------------------------------------------
     0 | D:1      | themarg the Demonspawn Hedge Wizard began the quest for the
                  | Orb.
     0 | D:1      | Reached XP level 1. HP: 13/13 MP: 4/4
    75 | D:1      | Reached skill level 1 in Translocations
   267 | D:1      | Gained mutation: You regenerate a little health from kills.
                  | [demonic ancestry]
   267 | D:1      | Reached XP level 2. HP: 17/19 MP: 0/6
   977 | D:1      | Reached XP level 3. HP: 24/24 MP: 2/7
   980 | D:1      | Learned a level 2 spell: Blink
   982 | D:1      | Learned a level 1 spell: Slow
  2500 | D:2      | Found a hazy altar of Hepliaklqana.
  2609 | D:2      | Became a worshipper of Hepliaklqana the Forgotten
  2690 | D:2      | Reached XP level 4. HP: 15/30 MP: 2/8
  3341 | D:3      | Reached skill level 1 in Poison Magic
  3374 | D:3      | You fall into a shaft and drop 1 floor!
  3463 | D:4      | HP: 1/30 [gnoll/+0 halberd (9)]
  3464 | D:4      | Mangled by a gnoll

Illustrated notes

Levels and vault maps discovered:
D:1:      scummos_arrival_forest, layout_basic, serial_bayou_ford_a
D:2:      layout_basic, basic_altar
D:3:      layout_basic, okawaru_altar_gauntlet_db, zin_angel,
          nemelex_dance_club_becter
D:4:      layout_basic, chequers_ossuary_entry_cave, dreamdust_gnoll_farm

Skill      XL: |  1  2  3  4 |
---------------+-------------+-----
Translocations | 1 2 |  2.1
Stealth        | 2 3 |  3.0
Conjurations   | 2 |  2.5
Poison Magic   | 1 |  1.0
Dodging        | |  1.7
Spellcasting   | |  3.0
Summonings     | |  1.0
Air Magic      | |  0.9

Action                     |  1- 3 |  4- 6 || total
---------------------------+-------+-------++-------
  Melee: Dagger            |    72 |    18 ||    90
   Cast: Magic Dart        |   107 |    24 ||   131
         Slow              |       |     7 ||     7
         Blink             |       |     2 ||     2
    Use: Scroll            |       |     2 ||     2
   Stab: Sleeping          |     7 |     2 ||     9
         Distracted        |     1 |       ||     1
 Armour: Robe              |    23 |     6 ||    29
  Dodge: Dodged            |    58 |    32 ||    90

Table legend: (Time is in decaauts)
 A = Elapsed time spent in this place.
 B = Non-inter-level travel time spent in this place.
 C = Inter-level travel time spent in this place.
 D = Time resting spent in this place.
 E = Time spent auto-exploring this place.
 F = Levels seen in this place.
 G = Mean time per level.
                   A        B        C        D        E       F      G
               +--------+--------+--------+--------+--------+-----+--------+
         Total |   3473 |   3356 |    117 |    650 |   1773 |   4 |  868.2 |
       Dungeon |   3473 |   3356 |    117 |    650 |   1773 |   4 |  868.2 |
               +--------+--------+--------+--------+--------+-----+--------+

Top non-repeatable levels by time:
     D:1: 1785 daAuts
     D:2: 1069 daAuts
     D:3: 529 daAuts
     D:4: 89 daAuts
